 Dungeon Crawl Stone Soup version 0.27.1-15-g792fb953b9 (webtiles) character file.

Game seed: 16597489957354011897

6 pkoi the Insei (level 1, 0/15 HPs)
             Began as a Demonspawn Transmuter on Nov 18, 2021.
             Slain by a kobold (5 damage)
             ... on level 1 of the Dungeon.
             The game lasted 00:00:14 (327 turns).

pkoi the Insei (Demonspawn Transmuter)               Turns: 327, Time: 00:00:15

Health: 0/15       AC:  2    Str: 10    XL:     1   Next: 75%
Magic:  3/3        EV: 12    Int: 14    God:
Gold:   7          SH:  0    Dex: 13    Spells: 3/4 levels left

rFire    . . .     SeeInvis .     - Unarmed
rCold    . . .     Faith    .   (no shield)
rNeg     . . .     Spirit   .   a - +0 robe
rPois    .         Reflect  .   (no helmet)
rElec    .         Harm     .   (no cloak)
rCorr    .         Rampage  .   (no gloves)
Will     .....                  (no boots)
Stlth    +.........             (no amulet)
HPRegen  0.05/turn              (no ring)
MPRegen  0.08/turn              (no ring)

@: no status effects
A: no striking features
a: no special abilities


You were on level 1 of the Dungeon.
You visited 1 branch of the dungeon, and saw 1 of its levels.

You collected 7 gold pieces.

Inventory:

Armour
 a - a +0 robe (worn)


   Skills:
 - Level 1.0 Fighting
 - Level 1.7 Dodging
 + Level 3.1 Unarmed Combat
 - Level 2.0 Spellcasting
 - Level 1.7 Transmutations


You had 3 spell levels left.
You knew the following spells:

 Your Spells              Type           Power      Damage    Failure   Level
a - Beastly Appendage     Tmut           12%        N/A       12%         1

Your spell library contained the following spells:

 Spells                   Type           Power      Damage    Failure   Level
 Wereblood                Tmut           6%         N/A       17%         2
 Spider Form              Tmut/Pois      1%         N/A       45%         3
 Ice Form                 Ice/Tmut       3%         N/A       86%         4


Dungeon Overview and Level Annotations

Branches:
Dungeon (1/15)

Altars:


Message History

You are too injured to fight recklessly!
You are too injured to fight recklessly!
You are too injured to fight recklessly!
You are too injured to fight recklessly!
You are too injured to fight recklessly!
You are too injured to fight recklessly!
You are too injured to fight recklessly!
You are too injured to fight recklessly!
You are too injured to fight recklessly!
You hit the dart slug.
The dart slug is severely wounded.
You hit the dart slug.
You kill the dart slug!
Your Unarmed Combat skill increases to level 3!
You start resting.
HP restored.
Found a stone staircase leading down.
A kobold comes into view. It is wielding a +0 short sword.
A kobold is nearby!
A kobold is nearby!
A kobold is nearby!
The kobold shouts!
The kobold hits you with a +0 short sword.
You closely miss the kobold.
The kobold hits you with a +0 short sword.
You hit the kobold.
The kobold is moderately wounded.
The kobold hits you with a +0 short sword.
You hit the kobold but do no damage.
The kobold is moderately wounded.
The kobold hits you with a +0 short sword.
* * * LOW HITPOINT WARNING * * *
You hit the kobold but do no damage.
The kobold is moderately wounded.
The kobold hits you with a +0 short sword.
* * * LOW HITPOINT WARNING * * *
You closely miss the kobold.
The kobold is moderately wounded.
The kobold hits you with a +0 short sword.
You die...

#.#.# #.......#.#..#.#
#.# #...#
#.......#.#..#.# #.#
###...# #.......# #..#.#
#.# ..#...###.#.#.###
#..#.# #.#
..#.......#.#.# #..#.#
#.#
..#...#####.#.###.#..#.#
#.# ..#...............#
#.# #.#
..###.#############..#.#
#.# ..#
#>..........@K...#.# #.#
..##################.#.#
#.# .........# #.. #.#
#.# ..######.# #.####.#
#.# ..#
###'########.#..#.###.#
..#
#.....................#
..#
#......#####..#.#...###
..# #......# #..#.#...#
..# #......# ......#...#


You could see a kobold.

Vanquished Creatures
  A dart slug (D:1)
  A giant cockroach (D:1)
  A hobgoblin (D:1)
  A kobold (D:1)
4 creatures vanquished.

Notes
Turn   | Place    | Note
-------+----------+-------------------------------------------
     0 | D:1      | pkoi the Demonspawn Transmuter began the quest for the Orb.
     0 | D:1      | Reached XP level 1. HP: 15/15 MP: 3/3
   222 | D:1      | Reached skill level 3 in Unarmed Combat
   327 | D:1      | Slain by a kobold

Illustrated notes

Levels and vault maps discovered:
D:1:      lightli_arrival_boilingwater, layout_basic,
          dilly_ecumenical_altar_fadedgnrine, minmay_unequal

Skill      XL: |  1 |
---------------+----+-----
Unarmed Combat | 3 |  3.1
Fighting       | |  1.0
Dodging        | |  1.7
Spellcasting   | |  2.0
Transmutations | |  1.7

Action                   || total
-------------------------++-------
Melee: Unarmed           ||    20
 Stab: Sleeping          ||     1
Armor: Robe              ||     2
Dodge: Dodged            ||     4
